AoeStats
← J A K E J I M M Y

Black Forest

509758086Analyzed
4v4 RM · 4d ago on Sep 27, 2026· 51m 44s· 8 players
Game mode
Random Map
Map size
Large (8 player)
Population
200
Speed
Normal
Resources
Standard
Victory
Conquest
Starting age
Dark Age
Ending age
Imperial Age
RankedLock teamsTeams togetherTeam positionsShared explorationLock speedFull tech treeHidden civsTurbo modeCheats
Victory
Defeat
🇲🇽 Persians · Mexico
908
+11
🇲🇽 Mongols · Mexico
882
+12
🇺🇸 Goths · United States
835
+14
🇨🇱 Britons · Chile
804
+15
🇬🇧 Saxons · United Kingdom
819
-14
🇳🇴 Franks · Norway
812
-14
🇳🇴 Huns · Norway
800
-13
🇹🇷 Magyars · Türkiye
744
-11
J A K E J I M M Y
3:54 Loom
12:27 Feudal Age
12:53 Double-Bit Axe
13:16 Horse Collar
20:28 Castle Age
18:27 Arson
19:45 Fletching
20:14 Town Watch
21:37 Heavy Plow
22:31 Bodkin Arrow
29:06 Scale Mail Armor
29:42 Gambesons
35:19 Squires
37:01 Chain Mail Armor
36:56 Forging
43:26 Imperial Age
45:34 Bow Saw
46:05 Plate Mail Armor
46:12 Iron Casting
46:31 Capped Ram
46:43 Capped Ram
46:56 Elite Varangian Guard
48:41 Crop Rotation
49:32 Shield Wall
51:58 Conscription
Lou Skunt
9:07 Loom
11:40 Feudal Age
12:57 Wheelbarrow
16:32 Forging
19:28 Castle Age
20:29 Hand Cart
21:20 Horse Collar
26:54 Scale Barding Armor
28:27 Heavy Plow
29:05 Iron Casting
28:50 Double-Bit Axe
29:58 Marauders
30:20 Fletching
30:54 Bloodlines
30:45 Husbandry
31:44 Bow Saw
33:12 Hand Cart
38:42 Imperial Age
36:34 Gold Mining
40:04 Caravan
39:52 Town Watch
40:35 Conscription
41:24 Gold Shaft Mining
41:45 Chain Barding Armor
41:22 Bodkin Arrow
44:40 Elite Tarkan
46:34 Ballistics
Selen
11:59 Feudal Age
15:45 Double-Bit Axe
18:28 Gold Mining
18:54 Forging
20:51 Castle Age
19:06 Fletching
20:56 Scale Barding Armor
21:26 Scale Mail Armor
23:55 Bodkin Arrow
26:15 Iron Casting
28:10 Bow Saw
29:22 Wheelbarrow
29:15 Squires
31:20 Chain Mail Armor
34:31 Chain Barding Armor
35:57 Ballistics
39:32 Imperial Age
37:24 Husbandry
39:23 Hand Cart
40:38 Elite Throwing Axeman
40:54 Cavalier
42:39 Plate Mail Armor
43:29 Chemistry
45:54 Blast Furnace
45:30 Plate Barding Armor
45:42 Paladin
Mea
10:32 Feudal Age
15:09 Castle Age
13:59 Double-Bit Axe
18:04 Caravan
18:14 Horse Collar
23:37 Gold Mining
24:46 Bloodlines
25:35 Wheelbarrow
25:48 Husbandry
25:10 Light Cavalry
28:04 Heavy Plow
31:38 Imperial Age
29:27 Hand Cart
29:55 Thumb Ring
30:47 Corvinian Army
31:35 Stone Mining
32:27 Scale Barding Armor
32:14 Fletching
32:24 Padded Archer Armor
32:52 Parthian Tactics
32:47 Bow Saw
33:59 Capped Ram
34:01 Hussar
34:06 Cavalier
36:00 Paladin
37:53 Murder Holes
37:39 Treadmill Crane
38:21 Ballistics
39:02 Chemistry
38:14 Masonry
37:56 Elite Magyar Huszar
38:57 Conscription
39:39 Hoardings
41:01 Heavy Cavalry Archer
Cesc
3:04 Loom
12:20 Feudal Age
12:47 Double-Bit Axe
16:49 Castle Age
14:44 Horse Collar
18:34 Bow Saw
18:26 Heavy Plow
23:49 Wheelbarrow
23:50 Gold Mining
25:27 Stone Mining
25:58 Hand Cart
30:51 Imperial Age
28:28 Town Watch
29:48 Bloodlines
29:39 Husbandry
29:50 Thumb Ring
30:24 Ballistics
30:07 Fletching
30:17 Padded Archer Armor
31:28 Gold Shaft Mining
32:07 Conscription
33:48 Chemistry
32:57 Elite Mangudai
33:37 Bodkin Arrow
36:42 Drill
36:26 Bracer
36:42 Leather Archer Armor
36:34 Siege Engineers
36:40 Masonry
36:25 Murder Holes
36:41 Town Patrol
37:13 Parthian Tactics
36:09 Elite Skirmisher
38:23 Capped Ram
39:19 Caravan
39:03 Elite Skirmisher
40:42 Siege Ram
NMX
0:32 Loom
12:05 Feudal Age
17:36 Castle Age
15:45 Stone Mining
16:31 Double-Bit Axe
17:23 Horse Collar
22:50 Gold Mining
25:27 Bow Saw
25:19 Heavy Plow
25:56 Gold Shaft Mining
32:48 Imperial Age
30:38 Crossbowman
31:26 Fletching
32:04 Ballistics
32:17 Thumb Ring
34:32 Chemistry
37:06 Wheelbarrow
40:47 Conscription
41:03 Caravan
41:34 Coinage
41:14 Guilds
41:48 Padded Archer Armor
41:44 Bodkin Arrow
42:52 Leather Archer Armor
45:21 Citadels
45:53 Ring Archer Armor
47:11 Banking
Nico
13:11 Feudal Age
14:21 Double-Bit Axe
18:37 Castle Age
18:14 Horse Collar
19:59 Bow Saw
21:12 Heavy Plow
22:48 Gold Mining
23:59 Wheelbarrow
23:10 Town Watch
24:59 Caravan
26:01 Fervor
26:45 Coinage
26:38 Forging
27:33 Squires
28:45 Iron Casting
29:17 Scale Mail Armor
31:24 Hand Cart
34:22 Imperial Age
32:49 Chain Mail Armor
36:18 Blast Furnace
35:29 Perfusion
35:50 Conscription
36:54 Two-Man Saw
35:58 Town Patrol
36:56 Fletching
36:53 Elite Huskarl
38:02 Bodkin Arrow
38:44 Banking
38:31 Guilds
39:07 Pikeman
40:42 Halberdier
44:39 Bracer
46:40 Anarchy
49:29 Sanctity
51:09 Ballistics
51:49 Chemistry
50:40 Heated Shot
50:31 Treadmill Crane
50:47 Murder Holes
51:04 Masonry
Stifler Master
1:22 Loom
13:32 Feudal Age
14:56 Double-Bit Axe
14:53 Horse Collar
15:42 Gold Mining
15:46 Town Watch
16:38 Wheelbarrow
16:46 Wheelbarrow
18:22 Stone Mining
22:35 Castle Age
21:39 Forging
21:40 Padded Archer Armor
21:31 Fletching
23:28 Bow Saw
23:21 Heavy Plow
24:07 Gold Shaft Mining
26:55 Ballistics
26:41 Town Patrol
28:14 Iron Casting
30:59 Hand Cart
31:48 Caravan
37:04 Imperial Age
37:38 Leather Archer Armor
37:27 Bodkin Arrow
38:24 Conscription
39:19 Coinage
39:04 Guilds
39:49 Yeomen
39:55 Conscription
39:10 Sappers
40:51 Banking
41:35 Hoardings
42:28 Blast Furnace
42:13 Ring Archer Armor
42:44 Warwolf
44:12 Chemistry
42:53 Treadmill Crane
43:01 Arrowslits
43:30 Bracer
46:16 Elite Longbowman
Connection lost

Rejoining the realm…

Still unreachable

The connection could not be restored.

Session expired

The server has moved on; the page needs a fresh start.